[Event "Championnat du monde jeunes U10F"]
[Date "2024.11.26"]
[White "Stoica, Melina-Theodora"]
[Black "Khelfallah , Ikhlas"]
[WhiteElo "1675"]
[BlackElo "1449"]
[Round "11.31"]
[Result "1/2-1/2"]
[TimeControl "5400+30"]

1. d4 Nf6 2. Nf3 g6 3. c4 Bg7 4. Nc3 O-O 5. e4 d6 6. Be2 e5 7. d5 a5 8. Be3 Na6 9. h3 Nc5 10. Bxc5 dxc5 11. O-O Re8 12. Qc2 Nh5 13. Rfd1 Nf4 14. Nb5 Bd7 15. a4 Bxb5 16. axb5 b6 17. Ra3 Qf6 18. Ne1 Bh6 19. Nd3 Qg5 20. Nxf4 exf4 21. Bf3 Rad8 22. Rad3 Qe5 23. Qd2 Rd6 24. Qc3 Bg7 25. Qxe5 Bxe5 26. b3 Ra8 27. R3d2 Re8 28. Ra2 Kg7 29. Re2 h5 30. Ra2 Kh6 31. Be2 Rh8 32. f3 g5 33. Kf2 Rg6 34. Rh1 Rf8 35. Bd3 Kg7 36. Be2 Bd4+ 37. Ke1 f5 38. Bd3 fxe4 39. Bxe4 Re8 40. Kd1 Rf6 41. Re2 Rd8 42. Kc2 Rfd6 43. Rd1 Ra8 44. Kd3 a4 45. Ra2 a3 46. Rdd2 Kf6 47. Re2 Ra5 48. Rec2 Bb2 49. Re2 Rd7 50. Kc2 Re7 51. Re1 g4 52. hxg4 hxg4 53. Re2 gxf3 54. gxf3 Ra8 55. Rg2 Rg7 56. Rxg7 Kxg7 57. d6 Rd8 1/2-1/2

[Variant "Standard"]
[Site "Europe Echecs"]

[Event "Championnat du monde jeunes U10F"]
[Date "2024.11.26"]
[White "Pambieri, Nicole"]
[Black "Serradell Munoz, Silvia"]
[WhiteElo "1482"]
[BlackElo "1670"]
[Round "11.32"]
[Result "0-1"]
[TimeControl "5400+30"]

1. c4 e5 2. g3 Nf6 3. Bg2 d5 4. Nf3 e4 5. Nd4 c5 6. Nb5 d4 7. d3 a6 8. N5a3 exd3 9. Qxd3 Nc6 10. Bf4 Be7 11. O-O O-O 12. Nc2 Be6 13. Nd2 Nh5 14. e3 dxe3 15. Qxd8 exf2+ 16. Rxf2 Raxd8 17. Bc7 Rc8 18. Bb6 Nf6 19. a4 Nd7 20. a5 Nxb6 21. axb6 Bd8 22. Ne4 Bxb6 23. Nd6 Rc7 24. Bxc6 bxc6 25. Rxa6 Ba7 26. Rd2 Bb8 27. b3 Rd8 28. Ra8 Rcd7 29. Ne4 Rxd2 30. Nxd2 g6 31. Nf3 Kg7 32. Kf1 Bh3+ 33. Ke2 Bg4 34. Ne3 Re8 35. Ra6 0-1

[Variant "Standard"]
[Site "Europe Echecs"]

[Event "Championnat du monde jeunes U10F"]
[Date "2024.11.26"]
[White "Guerra Mansilla, Maria Ignacia"]
[Black "Song, Rina"]
[WhiteElo "1545"]
[BlackElo "1599"]
[Round "11.34"]
[Result "1/2-1/2"]
[TimeControl "5400+30"]

1. c4 e5 2. d3 Nc6 3. Nf3 Nf6 4. a3 d5 5. g3 Be7 6. Bg2 O-O 7. O-O Bg4 8. h3 Be6 9. b3 dxc4 10. bxc4 e4 11. Ng5 Qd7 12. Nxe6 Qxe6 13. Bb2 Rfd8 14. Qc2 Nd4 15. Bxd4 Rxd4 16. Nd2 Rb8 17. Nxe4 Nxe4 18. Bxe4 Qxh3 19. Bg2 Qd7 20. Rfb1 c6 21. Rd1 h5 22. e3 Rd6 23. d4 h4 24. gxh4 Bxh4 25. Qe4 Bf6 26. Qf3 c5 27. dxc5 Rxd1+ 28. Rxd1 Qa4 29. Rb1 Qxc4 30. Qd5 Qxd5 31. Bxd5 b6 32. cxb6 Rxb6 33. Rxb6 axb6 34. Kf1 Bc3 35. a4 Ba5 36. Ke2 Kf8 37. Kd3 Ke7 38. Kc4 f6 39. e4 Kd6 1/2-1/2

[Variant "Standard"]
[Site "Europe Echecs"]

[Event "Championnat du monde jeunes U10F"]
[Date "2024.11.26"]
[White "Gastaldo, Agathe"]
[Black "Minzat, Victoria"]
[WhiteElo "1589"]
[BlackElo "1505"]
[Round "11.35"]
[Result "0-1"]
[TimeControl "5400+30"]

1. e4 e5 2. Nf3 Nc6 3. Nc3 Bb4 4. d4 exd4 5. Nxd4 Qh4 6. Be2 Qxe4 7. Nxc6 Qxc6 8. O-O Nf6 9. Bf3 Qd6 10. Re1+ Kf8 11. Qe2 Qe7 12. Qf1 Qd8 13. Bg5 c6 14. Qc4 Be7 15. Re2 d5 16. Qf4 h6 17. Bxf6 Bxf6 18. Rae1 g5 19. Qb4+ Kg7 20. Rd1 Qb6 21. Qxb6 axb6 22. g3 Be6 23. Ra1 Ra7 24. a3 Bxc3 25. bxc3 Rha8 26. Rb1 b5 27. Bg2 Rxa3 28. Re3 Ra1 29. Rbe1 R8a3 30. Rf1 R3a2 31. f4 Rxf1+ 32. Bxf1 Rxc2 33. fxg5 hxg5 34. Bg2 Rd2 35. Kf1 d4 36. cxd4 Rxd4 37. Ra3 Bd5 38. Bxd5 Rxd5 39. Ra7 Rd7 40. Ke2 Kf6 41. Kf2 g4 42. Ke3 Ke5 43. Ra3 b4 44. Rb3 c5 45. Kf2 Rd4 46. Ke3 Re4+ 47. Kf2 Kd4 48. Rb2 Kc3 49. Ra2 b3 50. Ra7 Rb4 51. Ra3 Kc2 52. Ra1 b2 53. Ra2 Kc1 54. Rxb2 Kxb2 55. Ke3 c4 56. Kf4 c3+ 57. Kg5 c2 58. Kf6 c1=Q 59. Kg7 Qg5+ 60. Kxf7 Rc4 61. Ke6 Rc6+ 62. Kd7 Qg7+ 63.
Kd8 Rc7 64. Ke8 Qe7# 0-1

[Variant "Standard"]
[Site "Europe Echecs"]

[Event "Championnat du monde jeunes U10F"]
[Date "2024.11.26"]
[White "Sobirova, Mumtozbegim"]
[Black "Abibulla, Inzhu"]
[WhiteElo "1476"]
[BlackElo "1499"]
[Round "11.36"]
[Result "1/2-1/2"]
[TimeControl "5400+30"]

1. e4 d6 2. d4 Nf6 3. Nc3 g6 4. f4 Bg7 5. Nf3 O-O 6. e5 dxe5 7. fxe5 Nd5 8. Bc4 c6 9. O-O a5 10. a4 Na6 11. Bxa6 Rxa6 12. h3 Bf5 13. g4 Nxc3 14. bxc3 Be4 15. c4 Bxf3 16. Rxf3 Bxe5 17. Rd3 Bg7 18. Bf4 Qc8 19. Rb1 b6 20. c5 bxc5 21. dxc5 Qe6 22. Rb8 Ra8 23. Rxa8 Rxa8 24. Rd8+ Rxd8 25. Qxd8+ Bf8 26. Bh6 Qe1+ 27. Kg2 Qe2+ 28. Kg1 1/2-1/2

[Variant "Standard"]
[Site "Europe Echecs"]

[Event "Championnat du monde jeunes U10F"]
[Date "2024.11.26"]
[White "Muradli, Sabira"]
[Black "Minasyan, Arina"]
[WhiteElo "1430"]
[BlackElo "1545"]
[Round "11.42"]
[Result "1-0"]
[TimeControl "5400+30"]

1. e4 c5 2. d4 cxd4 3. Nf3 a6 4. Nxd4 Nf6 5. Nc3 e5 6. Nf3 Bb4 7. Bg5 h6 8. Bxf6 Qxf6 9. Bd3 O-O 10. O-O Bxc3 11. bxc3 d6 12. Bc4 Nd7 13. Rb1 Nc5 14. Bd5 Rb8 15. Rb6 Rd8 16. Qd2 Be6 17. Re1 Qe7 18. Rd1 f6 19. h3 Rbc8 20. Nh4 Kh7 21. Bxe6 Qxe6 22. Qe2 Na4 23. Rxb7 Nxc3 24. Qh5 Rd7 25. Rxd7 Qxd7 26. Rd3 Nxa2 27. Nf5 Rc6 28. Rg3 Rc7 29. Rxg7+ Qxg7 30. Nxg7 Rxg7 31. Qf5+ Rg6 32. Qd7+ Rg7 33. Qxd6 Nc1 34. Qxa6 Rg6 35. Qb7+ Rg7 36. Qc6 Ne2+ 37. Kh2 Nf4 38. g3 Nh5 39. Qe6 Rg6 40. Qf7+ Ng7 41. g4 Rg5 42. Qxf6 Rg6 43. Qxe5 Re6 44. Qf4 Kg6 45. c4 Rf6 46. Qe3 Ne6 47. c5 Nc7 48. e5 Re6 49. Qe4+ Kf7 50. Qf5+ Ke7 51. f4 Nd5 52. Qe4 Nc7 53. f5 Ra6 54. Qd4 Ra2+ 55. Kg3 Ra3+ 56. Kh4 Ra6 57. Qd6+ Rxd6 58. cxd6+ Kd7 59. dxc7 Kxc7 60.
f6 1-0

[Variant "Standard"]
[Site "Europe Echecs"]

[Event "Championnat du monde jeunes U10F"]
[Date "2024.11.26"]
[White "Kocherha, Yelizavieta"]
[Black "Vitsiuk, Aleksandra"]
[WhiteElo "1523"]
[BlackElo "1476"]
[Round "11.44"]
[Result "0-1"]
[TimeControl "5400+30"]

1. e4 e5 2. Nf3 Nc6 3. Bc4 Nf6 4. Ng5 d5 5. exd5 Na5 6. Bb5+ Bd7 7. Qe2 Be7 8. Nc3 O-O 9. Nge4 c6 10. dxc6 Nxc6 11. Bxc6 Bxc6 12. O-O Nxe4 13. Nxe4 Qd5 14. f3 f5 15. Nc3 Qd4+ 16. Kh1 e4 17. fxe4 fxe4 18. Rxf8+ Rxf8 19. b3 Rf2 20. Qe1 e3 21. dxe3 Qxc3 22. Qxf2 Qxa1 23. Qd2 Qf6 24. h3 Bd6 25. Qe2 Qe5 26. Kg1 Qh2+ 27. Kf1 Qh1+ 28. Kf2 Qxg2+ 29. Ke1 Bb4+ 30. Bd2 Qg1+ 0-1

[Variant "Standard"]
[Site "Europe Echecs"]

[Event "Championnat du monde jeunes U10F"]
[Date "2024.11.26"]
[White "Yang, Haeun"]
[Black "Babii, Oriiana"]
[WhiteElo "1475"]
[BlackElo "1481"]
[Round "11.47"]
[Result "1-0"]
[TimeControl "5400+30"]

1. e4 c5 2. Nf3 d6 3. d4 cxd4 4. Nxd4 Nf6 5. Nc3 g6 6. Be2 Bg7 7. O-O O-O 8. Be3 Nc6 9. Nb3 Bd7 10. f4 Rc8 11. f5 Ne5 12. Qc1 Bc6 13. fxg6 hxg6 14. Rf4 Bd7 15. Rh4 Nfg4 16. Bd2 Qb6+ 17. Kh1 Qf2 18. Rh3 Qxe2 19. Nxe2 Nf2+ 20. Kg1 Nxh3+ 21. gxh3 Nf3+ 22. Kg2 Nxd2 23. Qxd2 Bxb2 24. Rb1 Be5 25.
Nbd4 b6 26. Nf3 Bg7 27. Ned4 Bf6 28.
Qh6 Bxd4 29. Nxd4 e5 30. Nf3 Rxc2+ 31. Kg1 Rfc8 32. Ng5 Rc1+ 33. Rxc1 Rxc1+ 34. Kg2 Be6 35. Nxe6 Rc2+ 36. Kg3 fxe6 37. Qxg6+ Kf8 38. Qxe6 Rc3+ 39. Kh4 Rf3 40. Qxd6+ Kf7 41. Qxe5 1-0

[Variant "Standard"]
[Site "Europe Echecs"]